 Dungeon Crawl Stone Soup version 0.23-a0-487-gc6253629db (webtiles) character file.

1187 Octopork the Poker (level 8, -2/75 HPs)
             Began as an Octopode Fighter on Dec 1, 2018.
             Was an Initiate of Hepliaklqana.
             Slain by an ogre
             ... wielding a +0 giant spiked club
              (14 damage)
             ... on level 6 of the Dungeon.
             The game lasted 00:19:10 (8443 turns).

Octopork the Poker (Octopode Fighter)               Turns: 8443, Time: 00:19:10

Health: -2/75      AC: 24    Str: 17      XL:     8   Next: 43%
Magic:  8/8        EV:  2    Int: 11      God:    Hepliaklqana [......]
Gold:   263        SH: 10    Dex: 10 (11) Spells: 6/7 levels left

rFire    . . .     SeeInvis .   a - +1 trident
rCold    . . .     Gourm    .   e - +1 shield
rNeg     + + +     Faith    .   (helmet currently unavailable)
rPois    +         Spirit   .   (no amulet)
rElec    .         Reflect  .   q - ring of positive energy {rN+}
rCorr    .         Harm     .   (no ring)
MR       .....     NoTele   +   (no ring)
Stlth    +.........             (no ring)
HPRegen  0.22/turn              (no ring)
MPRegen  0.11/turn              (no ring)
                                (no ring)
                                (no ring)

@: tree-form
A: almost no armour, stealthy swim, (amphibious), 8 rings, (constrict 8),
reduced essence
a: Recall Ancestor, Ancestor Identity, Renounce Religion


You were on level 6 of the Dungeon.
You worshipped Hepliaklqana.
Hepliaklqana was noncommittal.
You were not hungry.
You were a tree.
You visited 2 branches of the dungeon, and saw 7 of its levels.

You collected 340 gold pieces.
You spent 77 gold pieces at shops.

Inventory:

Hand Weapons
 a - a +1 trident (weapon)
 b - a +2 dagger of venom
   (You took it off a goblin on level 2 of the Dungeon)
Missiles
 l - 103 stones (quivered) {@Q2}
 r - 26 poisoned needles
 s - 45 sling bullets {@Q1}
Armour
 e - a +1 shield (worn)
Jewellery
 q - a ring of positive energy (left branch) {rN+}
   (You found it on level 3 of the Dungeon)
Wands
 u - a wand of polymorph (4)
   (You found it on level 5 of the Dungeon)
 S - a wand of scattershot (4)
   (You found it on level 2 of the Dungeon)
Scrolls
 h - a scroll of magic mapping {!r}
 i - 3 scrolls of identify
 k - a scroll of enchant weapon
 m - 2 scrolls of enchant armour
 o - 9 scrolls of remove curse
 p - a scroll of fog
 t - 2 scrolls of teleportation
Potions
 c - a potion of might
 d - a potion of agility
 g - 3 potions of lignification {!q}
 j - a potion of ambrosia
 n - a potion of flight
Comestibles
 f - 12 rations


   Skills:
 + Level 5.4 Fighting
 * Level 6.7 Polearms
 - Level 3.0 Dodging
 + Level 5.4 Shields
 + Level 3.3 Hexes


You had 6 spell levels left.
You knew the following spells:

 Your Spells              Type           Power        Failure   Level  Hunger
a - Confusing Touch       Hex            #.....       32%         1    ##.....

Your spell library contained the following spells:

 Spells                   Type           Power        Failure   Level  Hunger
 Confuse                  Hex            #.......     67%         3    ####...
 Beastly Appendage        Tmut           #.....       77%         1    ##.....
 Sticks to Snakes         Tmut           #.......     88%         2    ###....
 Gell's Gravitas          Tloc           #.........   98%         3    ####...
 Spider Form              Tmut/Pois      #.........   98%         3    ####...
 Ice Form                 Ice/Tmut       #.......     100%        4    #####..
 Petrify                  Tmut/Erth      #.......     100%        4    #####..
 Blade Hands              Tmut           #.........   100%        5    ######.
 Metabolic Englaciation   Hex/Ice        #.........   100%        5    ######.
 Yara's Violent Unravell  Hex/Tmut       #.........   100%        5    ######.


Dungeon Overview and Level Annotations

Branches:
Dungeon (6/15)             Temple (1/1) D:6

Altars:
Ashenzari
Dithmenos
Elyvilon
Fedhas
Gozag
Hepliaklqana
Kikubaaqudgha
Makhleb
Nemelex Xobeh
Okawaru
Qazlal
Ru
Sif Muna
Trog
Uskayaw
Vehumet
Wu Jian
Xom
Yredelemnul
The Shining One

Shops:
D:4 *   D:6 ?

Annotations:
D:4 1 runed door, Pikel


Innate Abilities, Weirdness & Mutations

You cannot wear most types of armour.
You are very stealthy in the water. (Stealth+)
((You are amphibious.))
You can wear up to eight rings at the same time.
((You can use your tentacles to constrict eight enemies at once.))
((Your skin changes colour to match your surroundings (Stealth+).))
((Your rubbery body absorbs attacks. (AC +1, EV +1)))
Your life essence is reduced to manifest your ancestor. (-10% HP)


Message History

Attack whom?
Press: ? - help, Dir - move target cursor, f/p - Grinder
Aim: Grinder (heavily wounded)
You could not reach far enough!
Octorock misses Grinder.
Grinder barely misses Octorock.
Attack whom?
Press: ? - help, Dir - move target cursor, f/p - Grinder
Aim: Grinder (heavily wounded)
You could not reach far enough!
Octorock barely misses Grinder.
Grinder hits Octorock!
Attack whom?
Press: ? - help, Dir - move target cursor, f/p - Grinder
Aim: Grinder (heavily wounded)
You reach to attack!
You closely miss Grinder.
Octorock barely misses Grinder.
Grinder barely misses Octorock.
Attack whom?
Press: ? - help, Dir - move target cursor, f/p - Grinder
Aim: Grinder (heavily wounded)
You reach to attack!
You closely miss Grinder.
Octorock hits Grinder.
Grinder closely misses Octorock.
Attack whom?
Press: ? - help, Dir - move target cursor, f/p - Grinder
Aim: Grinder (severely wounded)
You reach to attack!
You puncture Grinder!
Octorock hits Grinder but does no damage.
Grinder blinks!
Octorock hits Grinder.
Grinder hits Octorock.
Attack whom?
Press: ? - help, Dir - move target cursor, f/p - Grinder
Aim: Grinder (severely wounded)
You reach to attack!
You hit Grinder.
Octorock completely misses Grinder.
Grinder gestures at you. You resist with some effort.
Attack whom?
Press: ? - help, Dir - move target cursor, f/p - Grinder
Aim: Grinder (almost dead)
You could not reach far enough!
Octorock hits Grinder.
You barely miss Grinder. You grab Grinder. You squeeze Grinder.
You kill Grinder!
You feel your dexterity returning.
Your Hexes skill increases to level 3!
You start resting.
Done exploring.
You swap places.
An orc wizard comes into view. It is wielding a +0 dagger.
The orc wizard hits you with a +0 dagger.
You puncture the orc wizard! You grab the orc wizard.
You squeeze the orc wizard.
You kill the orc wizard!
Things that are here:
a +0 dagger; a +0 robe; an orc corpse Attack whom?
Press: ? - help, Dir - move target cursor, f - orc warrior
Aim: an orc warrior, wielding a -3 halberd and wearing a +0 plate armour You reach to attack!
You hit the orc warrior but do no damage.
The orc warrior hits you from afar with a cursed -3 halberd!
The orc wizard gestures wildly while chanting.
The orc wizard flickers and vanishes!
Deactivating autopickup; reactivate with Ctrl-A.
Octorock hits the orc warrior but does no damage.
Octorock hits the orc warrior but does no damage.
You are confused.
The orc warrior hits you from afar with a cursed -3 halberd!!
* * * LOW HITPOINT WARNING * * *
You see here a +0 hand axe.
Okay, then.
Unknown command.
Octorock hits the orc warrior but does no damage.
Okay, then.
Okay, then.
Press: ? - help, v - describe, . - travel
Here: an orc warrior, wielding a -3 halberd and wearing a +0 plate armour The floor.
Unknown command.
Unknown command.
Really quaff
g - 4 potions of lignification {!q}?
You turn into a tree.
Your roots penetrate the ground.
Octorock barely misses the orc warrior.
The orc warrior hits you from afar with a cursed -3 halberd!
* * * LOW HITPOINT WARNING * * *
You're too confused!
Unknown command.
Octorock hits the orc warrior.
The orc warrior hits you but does no damage.
Octorock hits the orc warrior.
The orc warrior closely misses Octorock.
Something hits you but does no damage.
You cannot move. (Use ctrl+direction or * direction to attack without moving.)
You swing at nothing.
Octorock barely misses the orc warrior.
The orc warrior hits you but does no damage.
Something hits you but does no damage.
You swing at nothing.
You feel less confused.
Octorock barely misses the orc warrior.
Something hits you but does no damage. You block the orc warrior's attack.
Octorock closely misses the orc warrior.
You barely miss the ogre.
The ogre hits you with a +0 giant spiked club!
You die...

..# #.............####...#
..######...................#
...........................#
#.........................##
##........................#
##.[.....).....R)........##
#..............o.........#
..###+###..###..O).......#
###≈≈.≈≈##.# ##{♣<.......#
##≈≈≈.≈≈≈#.# #..........#
#≈≈≈.≈≈≈#.# ##....###...#
#≈≈≈_≈≈≈#.# #....## ##..#
#≈≈≈Y≈≈≈#.# #...## ##.##
#≈≈≈.≈≈≈#.# #..## #..#
##≈≈.≈≈##.# #..# ##.##
###+###..# ##.## ##.#
#.....## #..## #.#


You could see the friendly Octorock the ancestor, an orc warrior and an ogre.

Vanquished Creatures
  Grinder (D:6)
  A slave (D:6)
  2 ogres
  4 scorpions
  A bullfrog skeleton (D:4)
  An orc wizard (D:6)
  An iguana (D:6)
  8 worker ants
  A worker ant zombie (D:5)
  4 gnolls (D:6)
  5 adders
  An ooze (D:1)
  2 worms (D:3)
  3 dart slugs
  6 leopard geckos
  12 orcs
  A ball python (D:1)
  6 bats
  3 giant cockroaches
  10 goblins
  12 hobgoblins
  12 jackals
  4 quokkas
  4 frilled lizards
  A jackal skeleton (D:6)
  5 kobolds
  A quokka zombie (D:6)
  8 rats
  A fungus (D:4)
121 creatures vanquished.

Vanquished Creatures (collateral kills)
  An ice beast (D:6)
  A worker ant (D:6)
  A giant cockroach (D:6)
3 creatures vanquished.

Vanquished Creatures (others)
  2 ancestors (D:6)
2 creatures vanquished.

Grand Total: 126 creatures vanquished

Notes
Turn   | Place    | Note
-------+----------+-------------------------------------------
     0 | D:1      | Octopork the Octopode Fighter began the quest for the Orb.
     0 | D:1      | Reached XP level 1. HP: 16/16 MP: 1/1
    69 | D:1      | Reached XP level 2. HP: 19/21 MP: 2/2
   476 | D:1      | Reached XP level 3. HP: 22/26 MP: 3/3
  1029 | D:1      | Reached skill level 3 in Polearms
  1258 | D:2      | Reached XP level 4. HP: 21/31 MP: 4/4
  1649 | D:2      | Learned a level 1 spell: Confusing Touch
  1734 | D:2      | Noticed a phantom
  2051 | D:2      | Found a blossoming altar of Fedhas.
  2053 | D:2      | Found an ancient bone altar of Kikubaaqudgha.
  2189 | D:2      | HP: 5/31 [phantom (10)]
  3239 | D:3      | Reached XP level 5. HP: 37/37 MP: 5/5
  3697 | D:4      | Found an iron altar of Okawaru.
  3703 | D:4      | Reached skill level 4 in Polearms
  3821 | D:4      | Reached skill level 4 in Fighting
  3821 | D:4      | Reached skill level 4 in Shields
  3838 | D:4      | HP: 9/37 [poisoned by a worker ant]
  4079 | D:4      | Found a shattered altar of Ashenzari.
  4125 | D:4      | Noticed a slave
  4290 | D:4      | Noticed a slave
  4298 | D:4      | Found a sacrificial altar of Ru.
  4407 | D:4      | Found Legaqitrep's Assorted Antiques.
  4415 | D:4      | Bought a fuming grey potion for 25 gold pieces
  4415 | D:4      | Bought a scroll labeled GOGEQE XESTOPP for 28 gold pieces
  4420 | D:4      | Reached XP level 6. HP: 43/43 MP: 6/6
  4424 | D:4      | Noticed Pikel
  4428 | D:4      | Noticed a slave
  4436 | D:4      | Noticed a slave
  4825 | D:4      | Found a runed door.
  4860 | D:5      | Entered Level 5 of the Dungeon
  4977 | D:5      | Found a bloodstained altar of Trog.
  5597 | D:5      | Reached skill level 5 in Polearms
  5597 | D:5      | Reached skill level 1 in Hexes
  5818 | D:5      | Reached XP level 7. HP: 49/49 MP: 7/7
  6126 | D:6      | Reached skill level 2 in Hexes
  6382 | D:6      | Noticed a steam dragon
  6382 | D:6      | a centaur changed into a steam dragon
  6383 | D:6      | HP: 4/49 [something/ball of steam (14)]
  6386 | D:6      | a steam dragon changed into an iguana
  6388 | D:6      | HP: 2/49 [poisoned by a worker ant]
  6976 | D:6      | Found a white marble altar of Elyvilon.
  7010 | D:6      | Found a staircase to the Ecumenical Temple.
  7036 | D:6      | HP: 12/49 [gnoll (7)]
  7355 | Temple   | Entered the Ecumenical Temple
  7471 | Temple   | Became a worshipper of Hepliaklqana the Forgotten
  7562 | D:6      | Reached skill level 5 in Fighting
  7562 | D:6      | Reached skill level 6 in Polearms
  7562 | D:6      | Reached skill level 5 in Shields
  7565 | D:6      | Reached XP level 8. HP: 49/49 MP: 8/8
  7760 | D:6      | Found Ibbufum's Magic Scroll Shoppe.
  7768 | D:6      | Bought a scroll of fog for 24 gold pieces
  7802 | D:6      | Noticed Grinder
  8357 | D:6      | Killed Grinder
  8357 | D:6      | Reached skill level 3 in Hexes
  8436 | D:6      | HP: 12/50 [orc warrior/cursed -3 halberd (20)]
  8438 | D:6      | Octopork: ??halberd
  8438 | D:6      | beem: halberd[1/1]: (polearms; -3 acc / 13 dam / 1.5 base
                  | delay / 0.7 min delay; two handed). A polearm consisting of
                  | an axe blade topped with a spike, mounted on a long shaft.
                  | Halberds chop hydra heads.
  8443 | D:6      | Slain by an ogre

Vault maps used:
D:1:      erik_arrival_cave_to_civilisation
D:2:      wander_river, grunt_temple_overflow_growth_and_decay,
          minmay_pentomino_r2
D:3:      first_ration, serial_rivers, chequers_serial_rivers_large_a,
          chequers_serial_rivers_room_a, chequers_serial_rivers_micro_a,
          chequers_serial_rivers_micro_e, chequers_serial_rivers_small_3,
          chequers_serial_rivers_small_3, minmay_goblin_kobold_house
D:4:      okawaru_gym_becter, overflow_temple_1_default, serial_shops, shop,
          nicolae_ashenzari_panopticon, uniq_pikel, uniq_crazy_yiuf_cottage
D:5:      old_standard_altar
D:6:      minmay_temple_entry_crystal_x, serial_shops, shop_statue,
          kennysheep_flooded_box, uniq_grinder
Temple:   regret_index_temple_waves

Skill      XL: |  1  2  3  4  5  6  7  8 |
---------------+-------------------------+-----
Polearms       | 3 4 5 6 |  6.7
Fighting       | 4 5 |  5.4
Shields        | 4 5 |  5.4
Hexes          | 1 2 3 |  3.3
Dodging        | |  3.0

Action                   |  1- 3 |  4- 6 |  7- 9 || total
-------------------------+-------+-------+-------++-------
Melee: Trident           |    55 |   173 |    94 ||   322
       Constrict         |    10 |    34 |    20 ||    64
       Tentacles         |     7 |    22 |    16 ||    45
       Dagger            |       |     2 |       ||     2
Invok: Ancestor Identity |       |       |     1 ||     1
       Recall Ancestor   |       |       |     1 ||     1
Evoke: Wand              |       |     1 |     3 ||     4
  Use: Scroll            |       |    11 |       ||    11
       Potion            |       |       |     5 ||     5
 Stab: Sleeping          |    15 |    12 |     1 ||    28
       Distracted        |     1 |       |     1 ||     2
  Eat: Chunk             |     1 |    11 |     5 ||    17
       Ration            |       |     1 |     1 ||     2
Armor: Skin              |     4 |     3 |     6 ||    13
Dodge: Dodged            |     9 |    47 |    32 ||    88
Block: Shield            |    11 |    56 |    34 ||   101

Table legend:
 A = Non-vault XP
 B = Vault XP
 C = Vault XP percentage of total XP
 D = Non-vault monster count
 E = Vault monster count
 F = Vault count percentage of total count
                 A         B        C        D         E       F
            +---------+---------+-------+---------+---------+-------
      Total |    1384 |     312 |  18.4 |     112 |      10 |   8.2
            +---------+---------+-------+---------+---------+-------
        D:1 |      48 |       3 |   5.9 |      23 |       2 |   8.0
        D:2 |      56 |       2 |   3.4 |      19 |       1 |   5.0
        D:3 |      55 |      12 |  17.9 |      19 |       6 |  24.0
        D:4 |     151 |       0 |   0.0 |       8 |       0 |   0.0
        D:5 |     406 |       0 |   0.0 |      17 |       0 |   0.0
        D:6 |     668 |     295 |  30.6 |      26 |       1 |   3.7
            +---------+---------+-------+---------+---------+-------

Table legend:
 A = Turns spent in this place as a percentage of turns spent in the entire game.
 B = Non-inter-level travel turns spent in this place as a percentage of non-inter-level travel turns spent in the entire game.
 C = Inter-level travel turns spent in this place as a percentage of turns spent in this place.
 D = Turns resting spent in this place as a percentage of non-inter-level travel turns spent in this place.
 E = Turns spent auto-exploring this place as a percentage of non-inter-level travel turns spent in this place.
 F = Non-inter-level travel turns spent in this place divided by the number of levels of this place that you've seen.
                   A       B       C       D       E      F
               +-------+-------+-------+-------+-------+----------------------
         Total | 100.0 | 100.0 |   6.9 |  30.6 |  48.3 | 1122.7
       Dungeon |  98.3 |  98.7 |   6.5 |  31.0 |  47.7 | 1292.7
        Temple |   1.7 |   1.3 |  28.5 |   0.0 |  97.1 | 103.0
               +-------+-------+-------+-------+-------+----------------------

Table legend:
 A = Kills in this place as a percentage of kills in entire the game.
 B = Kills by you in this place as a percentage of kills by you in the entire game.
 C = Kills by friends in this place as a percentage of kills by friends in the entire game.
 D = Other kills in this place as a percentage of other kills in the entire game.
 E = Experience gained in this place as a percentage of experience gained in the entire game.
 F = Experience gained in this place divided by the number of levels of this place that you have seen.
                   A       B       C       D       E      F
               +-------+-------+-------+-------+-------+----------------------
         Total | 100.0 | 100.0 | 100.0 |   N/A | 100.0 | 242.3
       Dungeon | 100.0 | 100.0 | 100.0 |   N/A | 100.0 | 282.7
               +-------+-------+-------+-------+-------+----------------------
